[Event "Early-Titled-Tuesday-Blitz-April-23-2024"]
[Site "Chess.com"]
[Date "2024.04.23"]
[Round "2"]
[White "Rsnr"]
[Black "Machteldvf"]
[Result "1-0"]
[WhiteElo "2891"]
[BlackElo "2438"]
[TimeControl "180+1"]
[EndTime "8:18:31 PDT"]
[Termination "Rsnr won on time"]

1. e4 c5 2. Nf3 e6 3. c3 Nf6 4.
Bd3 d5 5. e5 Nfd7 6. Bc2 Nc6 7.
d4 b6 8. O-O Ba6 9. Re1 Rc8 10.
a3 Qc7 11. Bf4 cxd4 12. cxd4 Ncxe5 13. Nc3 Nxf3+ 14. Qxf3 Qc6 15. Ba4 b5 16. Bb3 Be7 17. Bxd5 Qb6 18. Ba2 O-O 19. d5 Bb7 20. Qh3 Bc5 21.
Re2 e5 22. Qxd7 exf4 23. Qg4 b4 24. Na4 Qb5 25. Nxc5 Qxc5 26. Qxf4 bxa3 27. bxa3 Bxd5 28. Bxd5 Qxd5 29. h4 Qd3 30. Re3 Qd2 31. Rae1 h6 32. Qg4 Qb2 33. Qg3 Qb6 34. Kh2 Rc2 35. Rf3 Qc7 36. Re5 f6 37. Ree3 Qxg3+ 38. Kxg3 Rd8 39. Re7 Rdd2 40. Rxa7 Re2 41. a4 Ra2 42. Rf4 Reb2 43.
Rc4 Rb3+ 44. f3 Rbb2 45. Kf4 Rxg2 46. a5 Rh2 47. Kf5 Rab2 48. Rg4 Rb5+ 49. Ke6 g5 50. Kxf6 1-0

[Event "Early-Titled-Tuesday-Blitz-April-23-2024"]
[Site "Chess.com"]
[Date "2024.04.23"]
[Round "2"]
[White "aval7an"]
[Black "RebelJohnny"]
[Result "0-1"]
[WhiteElo "2342"]
[BlackElo "2592"]
[TimeControl "180+1"]
[EndTime "8:18:31 PDT"]
[Termination "RebelJohnny won on time"]

1. d4 d5 2. c4 dxc4 3. e3 e5 4. Bxc4 exd4 5. exd4 Bd6 6. Nf3 Nf6 7. O-O O-O 8. Nc3 Nc6 9. Re1 h6 10. a3 Bg4 11. h3 Bxf3 12. Qxf3 Nxd4 13. Qd3 Nc6 14.
Qg6 Kh8 15. Qf5 a6 16. Be3 b5 17. Ba2 Ne7 18. Qf3 Ng6 19. Rad1 Kh7 20. g3 Qd7 21. h4 Qg4 22. Qg2 Rae8 23. Bb1 Kg8 24. Ne2 Ne5 25. Nd4 Bc5 26. Bf5 Qh5 27. Qh3 Bxd4 28.
Rxd4 Nf3+ 29. Kf1 Nxd4 30. Bxd4 Rxe1+ 31. Kxe1 Re8+ 32. Kf1 Qe2+ 33. Kg2 Ne4 34. Be3 Nd2 35. Bg4 Qf1+ 36. Kh2 Qxh3+ 37. Kxh3 Nc4 38. Bd4 g6 39. Bf3 h5 40. Kg2 Rd8 41. Bc3 Rd3 42. Bb7 Nxa3 43. Bb4 Nc4 44. Bc3 Rxc3 45. bxc3 a5 46. Kf3 a4 47.
Bc6 a3 48. Bxb5 Nd6 0-1

[Event "Early-Titled-Tuesday-Blitz-April-23-2024"]
[Site "Chess.com"]
[Date "2024.04.23"]
[Round "2"]
[White "ChessMA48"]
[Black "RantomOpening"]
[Result "1-0"]
[WhiteElo "2378"]
[BlackElo "2512"]
[TimeControl "180+1"]
[EndTime "8:18:31 PDT"]
[Termination "ChessMA48 won by resignation"]

1. d4 g6 2. c4 Bg7 3. Nc3 Nf6 4. e4 d6 5. h3 O-O 6. Be3 c5 7. Nf3 Qa5 8. Bd3 cxd4 9. Nxd4 Nc6 10. Qc2 Nb4 11. Qd2 Nxd3+ 12. Qxd3 Bd7 13. O-O Rac8 14.
Rfc1 Qh5 15. Nd5 Nxd5 16. cxd5 f5 17. Rxc8 Rxc8 18. Ne6 Bxe6 19. dxe6 fxe4 20. Qxe4 d5 21. Qb4 Bf6 22. Qxb7 Rc2 23. Qb8+ Kg7 24. Qe8 Rc8 25.
Qxc8 g5 26. Rc1 g4 27. hxg4 Qxg4 28. Qe8 Qxe6 29. Qh5 Qf7 30. Qxf7+ Kxf7 31. Bxa7 e5 32. Rc7+ Ke6 33. Be3 d4 34. Bd2 e4 35. Rxh7 Kd5 36. Rh5+ Kc4 37. Rh3 d3 38. b3+ Kd5 39. Rh6 Bg7 40.
Rg6 Bf8 41. a4 Bc5 42. Kf1 Ba7 43. Ke1 Ke5 44. Bc3+ Kf5 45. Rf6+ Kg5 46. g3 Bb8 47. Re6 Kf5 48. Re8 Kg4 49. Rxe4+ Kf3 50. Re3+ Kg2 51.
Rxd3 Ba7 52. Ke2 Bb6 53. Rf3 Ba7 54. g4 Bb6 55. g5 Bc5 56. g6 Bf8 57. Rxf8 1-0

[Event "Early-Titled-Tuesday-Blitz-April-23-2024"]
[Site "Chess.com"]
[Date "2024.04.23"]
[Round "2"]
[White "Seochesspie"]
[Black "jinbojinbo"]
[Result "0-1"]
[WhiteElo "2899"]
[BlackElo "2631"]
[TimeControl "180+1"]
[EndTime "8:18:32 PDT"]
[Termination "jinbojinbo won by resignation"]

1. e4 e5 2. Nf3 Nc6 3. Bb5 a6 4. Ba4 Nf6 5. O-O d6 6. Re1 Bd7 7. c3 g6 8. d4 Bg7 9. Nbd2 O-O 10. h3 Re8 11. Bc2 b5 12. Nf1 a5 13. Ng3 a4 14.
Be3 Na5 15. b3 Qc8 16. Qd2 c5 17. d5 Qc7 18. Nh2 Ra6 19. Rab1 axb3 20. axb3 Nb7 21. Bd3 Rea8 22. b4 c4 23. Bf1 Nd8 24. Nf3 Be8 25. Qd1 Nd7 26. Nh2 h5 27. Be2 f6 28. f4 exf4 29.
Bxf4 h4 30. Ngf1 Nf7 31. Nf3 g5 32. Be3 Nfe5 33. Nd4 Bg6 34. Nd2 Qb7 35. Rf1 Nf8 36. Nf5 Ra3 37. Bd4 Bxf5 38. Rxf5 Nfg6 39. Nf3 Ne7 40.
Nxe5 dxe5 41. Bc5 Nxf5 42. exf5 Rxc3 43. d6 Rca3 44. Bf3 e4 45. Bh5 Rd3 46. Qe2 Bf8 47. Bg6 Bxd6 48. Qh5 Bxc5+ 49. bxc5 Rad8 50. c6 Qa7+ 51. Kh1 c3 52. Be8 c2 53. Rf1 Qg7 54. Bd7 b4 55. Qe2 b3 56. Kh2 R8xd7 57. cxd7 Qxd7 58.
Qxe4 Rd1 59. Qa8+ Kh7 0-1

[Event "Early-Titled-Tuesday-Blitz-April-23-2024"]
[Site "Chess.com"]
[Date "2024.04.23"]
[Round "2"]
[White "Hope_6"]
[Black "BallottiLuca"]
[Result "1-0"]
[WhiteElo "2691"]
[BlackElo "2394"]
[TimeControl "180+1"]
[EndTime "8:18:34 PDT"]
[Termination "Hope_6 won on time"]

1. d4 d5 2. c4 c6 3. cxd5 cxd5 4. Nc3 Nf6 5. Bf4 Nc6 6. Nf3 Bf5 7. e3 e6 8. Bb5 Nd7 9. O-O Be7 10. Rc1 O-O 11.
Na4 Rc8 12. Bxc6 bxc6 13. Ne5 Nxe5 14. Bxe5 Qa5 15. a3 Qb5 16. b4 Bd3 17. Re1 a5 18. Nc5 Bc4 19. Rb1 Bxc5 20. bxc5 Qa6 21. Rb6 Qa8 22. a4 Rfd8 23. Qb1 f6 24. Bg3 Ba6 25.
Qb2 h6 26. Rb1 Kh7 27. Qc2+ Kh8 28. R1b2 Kg8 29. h3 Kh8 30. Qg6 Kg8 31. Bf4 Kh8 32. Qg4 Kh7 33. Qxe6 Re8 34. Qf5+ Kh8 35. Qd7 Red8 36.
Qf7 Rf8 37. Qg6 Rfe8 38. Bd6 Red8 39. Be7 Re8 40. Bd6 Red8 41. Qf7 Re8 42. Bf4 Red8 43. g4 Re8 44. h4 Rf8 45. Qg6 Rfe8 46. g5 fxg5 47.
hxg5 hxg5 48. Qxg5 Qa7 49. Be5 Bc4 50. Rb7 1-0

[Event "Early-Titled-Tuesday-Blitz-April-23-2024"]
[Site "Chess.com"]
[Date "2024.04.23"]
[Round "2"]
[White "Evan_Attaker"]
[Black "Iball95"]
[Result "0-1"]
[WhiteElo "2601"]
[BlackElo "2871"]
[TimeControl "180+1"]
[EndTime "8:18:35 PDT"]
[Termination "Iball95 won by checkmate"]

1. Nf3 d5 2. c4 e6 3. g3 Nf6 4. Bg2 c5 5. cxd5 exd5 6. O-O Nc6 7.
d4 Be7 8. Nc3 O-O 9. dxc5 Bxc5 10.
Na4 Be7 11. Be3 Bg4 12. Nd4 Ne5 13. h3 Bd7 14. Nc3 Nc4 15. Bc1 Rc8 16. b3 Nb6 17. Bb2 Re8 18. Rc1 h5 19. h4 Bg4 20. Qd2 Qd7 21. Rfd1 Rcd8 22. Nf3 Ne4 23. Nxe4 dxe4 24. Qxd7 Nxd7 25. Nd4 Nf6 26. Re1 Bb4 27. Rf1 e3 28. f3 Bd7 29. f4 b6 30. Rc7 a5 31. Rfc1 Bc5 32. Nf3 Ne4 33. Ne5 Nxg3 34. Nxd7 Nxe2+ 35. Kh2 Nxc1 36. Bxc1 e2 37. Bd2 Bd6 38. Rb7 Bxf4+ 39.
Bxf4 e1=Q 40. Bg3 Qd2 41. Ne5 Qxa2 42. Kh3 Qxb3 43. Kh2 Rd2 44. Kh3 Rxe5 45. Rb8+ Kh7 46. Bd5 Qxd5 47. Bf4 Qg2# 0-1

[Event "Early-Titled-Tuesday-Blitz-April-23-2024"]
[Site "Chess.com"]
[Date "2024.04.23"]
[Round "2"]
[White "HamedWafa4"]
[Black "Daaksboy"]
[Result "1-0"]
[WhiteElo "2729"]
[BlackElo "2397"]
[TimeControl "180+1"]
[EndTime "8:18:36 PDT"]
[Termination "HamedWafa4 won on time"]

1. e4 c5 2. Nf3 d6 3. d4 cxd4 4. Nxd4 Nf6 5. Nc3 a6 6. Bg5 e6 7. Bc4 Be7 8. Bb3 b5 9. Qe2 Qc7 10. O-O-O O-O 11. a3 Nc6 12. Nxc6 Qxc6 13. f4 h6 14. Bh4 Re8 15. e5 dxe5 16. fxe5 Nd7 17. Bxe7 Rxe7 18. Rd6 Qc5 19. Rhd1 Ra7 20. Qe4 Rc7 21. Kb1 Bb7 22. Qe1 Nxe5 23. Rd8+ Kh7 24. g4 Bf3 25. R1d4 Bxg4 26. Ne4 Qc6 27. Qg3 f6 28. h3 Red7 29. R8xd7 Rxd7 30. Rxd7 Nxd7 31. hxg4 Qxe4 32. Ka2 Nc5 33. Qd6 Nxb3 34. cxb3 Qxg4 35. Qxa6 h5 36. Qxb5 h4 37. Qf1 h3 38. a4 Qg2 39.
Qd3+ f5 40. Qd8 Qg4 41. Qb8 f4 42. Qb7 h2 43. Qe4+ Qf5 44. Qh1 Qh3 45. a5 f3 46. a6 f2 47. Qe4+ Qf5 48. Qg2 f1=Q 49. Qxh2+ Kg6 50. Qg3+ Kf7 51. Qc7+ Kf6 52. a7 Q5b5 53.
Qd8+ Kg6 54. a8=Q 1-0

[Event "Early-Titled-Tuesday-Blitz-April-23-2024"]
[Site "Chess.com"]
[Date "2024.04.23"]
[Round "2"]
[White "Larkin-Vladislav"]
[Black "EddieMarsalla"]
[Result "0-1"]
[WhiteElo "2882"]
[BlackElo "2626"]
[TimeControl "180+1"]
[EndTime "8:18:37 PDT"]
[Termination "EddieMarsalla won by resignation"]

1. e4 c6 2. d4 d5 3. f3 Qb6 4. a4 a5 5. exd5 cxd5 6. Nc3 Nf6 7. Nb5 Bd7 8. Bf4 Na6 9. c3 Nh5 10. Be3 e6 11. Qd2 Be7 12. Bd3 Nc7 13. Nxc7+ Qxc7 14. Ne2 Bd6 15. g4 Nf6 16. Bf4 O-O 17. Bxd6 Qxd6 18.
Kf2 Rfe8 19. h3 e5 20. dxe5 Rxe5 21. Nd4 Rae8 22. Kg2 h5 23. Rae1 hxg4 24. hxg4 Bxg4 25. Rxe5 Qxe5 26. fxg4 Nxg4 27. Rh3 g6 28. Rg3 Qh5 29. Rh3 Qe5 30. Be2 Qe4+ 31. Bf3 Ne3+ 32. Kf2 Qf4 33. Ne2 Ng4+ 34. Ke1 Qxa4 35. Qd4 Qa1+ 36. Kd2 Qxb2+ 37. Kd1 Qb1+ 38. Kd2 Qb2+ 39. Kd3 Ne5+ 40. Ke3 Nc6+ 41. Kf4 Nxd4 42. Nxd4 Qxc3 43. Nb5 Qc4+ 44. Kg5 Qxb5 45.
Bg4 Qb2 46. Kh6 Qh8+ 47. Kg5 Re5+ 48. Kf4 Qf6+ 49. Kg3 Re3+ 50. Kg2 Rxh3 51. Kxh3 a4 52. Kg3 a3 53. Kh3 a2 0-1

[Event "Early-Titled-Tuesday-Blitz-April-23-2024"]
[Site "Chess.com"]
[Date "2024.04.23"]
[Round "2"]
[White "TigrVShlyape"]
[Black "HATilay"]
[Result "1-0"]
[WhiteElo "3039"]
[BlackElo "2647"]
[TimeControl "180+1"]
[EndTime "8:18:38 PDT"]
[Termination "TigrVShlyape won by resignation"]

1. e4 c5 2. Nf3 d6 3. d4 cxd4 4. Nxd4 Nf6 5. Nc3 a6 6. a4 g6 7.
Be2 Bg7 8. O-O O-O 9. Be3 Nc6 10. Qd2 Nxd4 11. Bxd4 Be6 12. a5 Rc8 13. Rfd1 Rc6 14.
Bf3 Rc4 15. e5 dxe5 16. Bxe5 Qxd2 17. Rxd2 Rb4 18. b3 Ne4 19. Bxg7 Nxd2 20. Bxf8 Nxf3+ 21.
gxf3 Kxf8 22. Ra4 Rxa4 23. Nxa4 Bd7 24. Nc5 Bc6 25. f4 Ke8 26. Kf1 Kd8 27. Ke2 Kc7 28. Ke3 Kd6 29. Kd4 f6 30. Nd3 Bg2 31. b4 Bf1 32.
Nc5 e5+ 33. fxe5+ fxe5+ 34. Ke3 Kc6 35. Ne4 Kb5 36. c3 Kc4 37. Kd2 Bg2 38. Ng5 h5 39. h4 Kd5 40. Kd3 Bf1+ 41. Ke3 Bg2 42. f3 Kc4 43.
Ne4 Bh3 44. Kd2 Kd5 45. Nc5 Bc8 46. Kd3 Bf5+ 47. Ke3 Bc8 48. Ne4 Bf5 49. Nd2 Kc6 50. c4 Kd6 51. Ne4+ Kc6 52. Nc3 Be6 53. Kd3 Bf5+ 54.
Ne4 Kc7 55. b5 b6 56. axb6+ Kxb6 57. bxa6 Kxa6 58. Ke3 Kb6 59. f4 exf4+ 60. Kxf4 Bxe4 61. Kxe4 Kc5 62. Kd3 Kc6 63. Kd4 Kd6 64. c5+ Kc6 65. Kc4 Kc7 66. Kd5 Kd7 67. c6+ Kc7 68. Kc5 Kc8 69.
Kd6 Kd8 70. c7+ Kc8 71. Kc6 1-0

[Event "Early-Titled-Tuesday-Blitz-April-23-2024"]
[Site "Chess.com"]
[Date "2024.04.23"]
[Round "2"]
[White "SaiAgni_98"]
[Black "Maria_Elayza"]
[Result "0-1"]
[WhiteElo "2466"]
[BlackElo "2161"]
[TimeControl "180+1"]
[EndTime "8:18:39 PDT"]
[Termination "Maria_Elayza won on time"]

1. c4 e6 2. g3 d5 3. Bg2 Nf6 4. Nf3 Be7 5. O-O O-O 6. b3 c5 7. Bb2 Nc6 8. e3 b6 9. Qe2 Bb7 10. Nc3 a6 11. d3 Qc7 12. Nd2 Rad8 13. f4 Nb4 14. Rad1 dxc4 15. dxc4 Bxg2 16. Qxg2 Rd3 17. a3 Nc2 18. Nde4 Nxe3 19. Qe2 Rxd1 20. Qxe3 Rxf1+ 21. Kxf1 Rd8 22. Ne2 Nxe4 23. Qxe4 Qd7 24. Bc3 Qd1+ 25.
Kf2 Qxb3 26. f5 Bf8 27. fxe6 fxe6 28. Qxe6+ Kh8 29. h4 Qd1 30. h5 Qd7 31. Qxb6 Qf7+ 32. Nf4 Re8 33. h6 Qe7 34. Kg2 Qe4+ 35. Kh3 Qh1+ 36.
Kg4 Qd1+ 37. Kh3 Qd7+ 38. Kg2 Qf5 39. Qc6 Qc2+ 40. Kh3 Qf5+ 41. Kg2 Rc8 42. Qf3 Kg8 43. Kh2 Rd8 44. Kg2 g6 45. Qb7 Qd7 0-1

[Event "Early-Titled-Tuesday-Blitz-April-23-2024"]
[Site "Chess.com"]
[Date "2024.04.23"]
[Round "2"]
[White "KogotBobra17"]
[Black "agustinv04"]
[Result "1/2-1/2"]
[WhiteElo "2764"]
[BlackElo "2495"]
[TimeControl "180+1"]
[EndTime "8:18:41 PDT"]
[Termination "Game drawn by repetition"]

1. e4 e5 2. Nf3 Nc6 3. c3 Nf6 4. d4 d5 5. exd5 Qxd5 6. Be3 exd4 7. cxd4 Bb4+ 8. Nc3 Bg4 9. Be2 Bxf3 10. Bxf3 Qc4 11.
Rc1 Qxa2 12. O-O Qxb2 13. Na4 Qa2 14. Rxc6 bxc6 15. Bxc6+ Ke7 16. d5 Rhd8 17. Qd4 a5 18.
Nc3 Qc2 19. Re1 Kf8 20. Rc1 Qf5 21. Bxa8 Rxa8 22. Qc4 Kg8 23. Bc5 Bxc3 24. Qxc3 Qxd5 25. Bd4 Ne4 26. Qe3 Rd8 27. Rb1 h6 28. f3 Nd2 29. Qxd2 Qxd4+ 30. Qxd4 Rxd4 31. Rb8+ Kh7 32. Ra8 Rd5 33. Ra7 Rc5 34. Kf2 Kg6 35. Ke3 f6 36. g3 h5 37. Kd4 Rc2 38. h3 Rf2 39. Ke3 Rc2 40. Rxa5 Rc6 41. g4 hxg4 42. hxg4 Rc1 43. Kf4 Kf7 44. Ra7 Kg6 45. Rb7 Rc4+ 46. Kg3 Kg5 47. Rb5+ c5 48. Rb7 g6 49. Rc7 f5 50.
Rf7 f4+ 51. Kh3 Rc3 52. Kg2 Kh4 53. Rh7+ Kg5 54. Rf7 Rc2+ 55. Kg1 Rc3 56. Kg2 1/2-1/2

[Event "Early-Titled-Tuesday-Blitz-April-23-2024"]
[Site "Chess.com"]
[Date "2024.04.23"]
[Round "2"]
[White "GMKrikor"]
[Black "HajiyevKanan"]
[Result "1-0"]
[WhiteElo "2886"]
[BlackElo "2608"]
[TimeControl "180+1"]
[EndTime "8:18:43 PDT"]
[Termination "GMKrikor won on time"]

1. Nf3 d5 2. c4 c6 3. d4 Nf6 4.
Nc3 a6 5. Qc2 g6 6. Bg5 Bg7 7.
cxd5 cxd5 8. Bxf6 Bxf6 9. Nxd5 Qa5+ 10. b4 Qxd5 11. Qxc8+ Qd8 12. Qxd8+ Kxd8 13. e3 Nc6 14. Bc4 e6 15. a3 Rc8 16. Bb3 Ke7 17. Ke2 Rc7 18.
Rad1 Na7 19. Rd3 Nb5 20. Ra1 Rhc8 21. Kd2 Nc3 22. Ke1 Kd6 23. Nd2 Bg7 24. Rc1 Nb5 25. Rxc7 Rxc7 26. Bc4 Na7 27. Kd1 f5 28. Bb3 Nb5 29.
Bc4 Na7 30. f4 Bf6 31. g3 h6 32. e4 fxe4 33. Nxe4+ Ke7 34. Bb3 Nb5 35. Nxf6 Kxf6 36. a4 Nc3+ 37. Kd2 Ne4+ 38. Ke3 Nd6 39. Kd2 Ne4+ 40. Ke3 Nd6 41. Ke2 Ne4 42. Re3 Kf5 43.
Bxe6+ Kxe6 44. Rxe4+ Kd5 45. Kd3 Kd6 46. Re5 Rc1 47. g4 Rd1+ 48. Ke4 Rh1 49. f5 gxf5+ 50. Rxf5 Rxh2 51. Rh5 Re2+ 52. Kd3 Rb2 53. Kc3 Kc7 54.
Kxb2 1-0

[Event "Early-Titled-Tuesday-Blitz-April-23-2024"]
[Site "Chess.com"]
[Date "2024.04.23"]
[Round "2"]
[White "Naruna_Chan"]
[Black "LLariMarc"]
[Result "1/2-1/2"]
[WhiteElo "2250"]
[BlackElo "2489"]
[TimeControl "180+1"]
[EndTime "8:18:43 PDT"]
[Termination "Game drawn by stalemate"]

1. e4 e5 2. d4 exd4 3. c3 dxc3 4. Bc4 Nc6 5. Nf3 Be7 6. O-O d6 7. Nxc3 Nf6 8. Nd5 Nxd5 9. exd5 Ne5 10. Nxe5 dxe5 11.
f4 exf4 12. Bxf4 O-O 13. Qf3 Bd6 14. Rae1 a6 15. Bb3 b5 16. Bc2 Bb7 17. Qh3 g6 18. Bh6 Re8 19. Qc3 Bf8 20. Rxe8 Qxe8 21. Bxf8 Qxf8 22.
Bb3 Rc8 23. Qf6 Qg7 24. d6 Qxf6 25. Rxf6 Rf8 26. d7 Rd8 27. Rxf7 c5 28. Re7+ Kf8 29. Rxh7 c4 30. Bc2 Bc6 31. Rh8+ Ke7 32. Rxd8 Kxd8 33.
Bxg6 Kxd7 34. Kf2 Ke6 35. g4 Kf6 36. Bf5 b4 37. h4 a5 38. Ke3 Ke5 39. h5 Kf6 40. h6 a4 41. Kd4 a3 42. bxa3 b3 43.
axb3 cxb3 44. Kc3 Ba4 45. h7 Kg7 46. Kb4 Bc6 47. Kxb3 Bd5+ 48. Kb4 Bc6 49. a4 Be8 50. a5 Bc6 51. a6 Ba8 52. Kc5 Bf3 53.
Kb6 Ba8 54. Kc7 Bf3 55. Kb8 Bd5 56. a7 Bc6 57. a8=Q Bxa8 58. Kxa8 Kh8 59. Kb8 Kg7 60. Kc8 Kh8 61. Kd8 Kg7 62. Ke7 Kh8 63. Bg6 Kg7 64.
Bh5 Kxh7 65. Kf7 Kh6 66. Bg6 Kg5 67. Bf5 Kh6 68. Kf6 1/2-1/2

[Event "Early-Titled-Tuesday-Blitz-April-23-2024"]
[Site "Chess.com"]
[Date "2024.04.23"]
[Round "2"]
[White "emeli_chess"]
[Black "abelmat"]
[Result "1-0"]
[WhiteElo "2467"]
[BlackElo "2050"]
[TimeControl "180+1"]
[EndTime "8:18:44 PDT"]
[Termination "emeli_chess won on time"]

1. d4 d5 2. c4 e6 3. Nc3 Nf6 4.
cxd5 exd5 5. Bg5 c6 6. Qc2 Be7 7. e3 O-O 8. Bd3 Nbd7 9. Nf3 a5 10. O-O Re8 11. h3 Nf8 12. Ne5 Be6 13. f4 c5 14.
Qf2 Rc8 15. Bb5 Bd7 16. a4 cxd4 17. exd4 Bxb5 18. Bxf6 Bxf1 19. Bxe7 Rxe7 20. Rxf1 Ng6 21. Qf3 Nxe5 22. fxe5 Rd7 23. Qg4 Rc6 24. Nb5 Rg6 25. Qf3 h6 26. Nd6 Qe7 27. Qxd5 Rdxd6 28. exd6 Rxd6 29.
Qxa5 Rxd4 30. Qc3 Rd8 31. Re1 Qd7 32. a5 Qd4+ 33. Qxd4 Rxd4 34. b3 Rb4 35. Re3 Kf8 36.
Kf2 Rb5 37. Rc3 Rxa5 38. Rc8+ Ke7 39. Rc7+ Kf6 40. Rxb7 Ra2+ 41. Kf3 Rb2 42. Rb5 Ke6 43. g4 g6 44. h4 Rb1 45. h5 gxh5 46. gxh5 Rh1 47.
Kg2 Rb1 48. Kg3 Kf6 49. Kg4 Rg1+ 50. Kf4 Rf1+ 51. Ke4 Rc1 52. Kd4 Rh1 53. Kc4 1-0

[Event "Early-Titled-Tuesday-Blitz-April-23-2024"]
[Site "Chess.com"]
[Date "2024.04.23"]
[Round "2"]
[White "Anu-triz"]
[Black "jbking07"]
[Result "0-1"]
[WhiteElo "2017"]
[BlackElo "2459"]
[TimeControl "180+1"]
[EndTime "8:18:44 PDT"]
[Termination "jbking07 won by checkmate"]

1. e4 c5 2. Nf3 d6 3. d4 cxd4 4. Nxd4 Nf6 5. Nc3 Nc6 6. Be2 g6 7. Be3 Bg7 8. O-O O-O 9. h3 Bd7 10. Qd2 a6 11. Kh1 Rc8 12. f4 Nxd4 13. Bxd4 Bc6 14. Bf3 e5 15. Be3 Re8 16. Rfe1 Qa5 17. Qxd6 exf4 18. Bxf4 Red8 19. Qe5 Qb4 20. Rab1 Nh5 21.
Qg5 Bf6 22. Qg4 Bd7 23. Nd5 Bxg4 24. Bxg4 Rxd5 25. Bxc8 Rd8 26. a3 Qc5 27. Bg4 Nxf4 28. e5 Bxe5 29. Bf3 Qf2 30. Rxe5 Nxh3 31. Rbe1 h6 32. Re8+ Rxe8 33. Rxe8+ Kg7 34. gxh3 Qxf3+ 35. Kh2 Qf2+ 36. Kh1 Qxc2 37. Rb8 Qxb2 38. a4 Qb6 39. Kg2 Qc6+ 40. Kf2 Qxa4 41. Rxb7 Qc2+ 42. Kg3 Qc3+ 43. Kg2 Qc6+ 44. Kh2 Qxb7 45. h4 a5 46. h5 a4 47.
hxg6 a3 48. Kh3 a2 49. gxf7 Kxf7 50. Kh4 Qb5 51. Kg4 a1=Q 52. Kf4 Qaa4+ 53. Kf3 Qbb3+ 54. Kg2 Qaa2+ 55. Kh1 Qbb1# 0-1

[Event "Early-Titled-Tuesday-Blitz-April-23-2024"]
[Site "Chess.com"]
[Date "2024.04.23"]
[Round "2"]
[White "artin10862"]
[Black "MKlose11"]
[Result "1-0"]
[WhiteElo "2930"]
[BlackElo "2622"]
[TimeControl "180+1"]
[EndTime "8:18:45 PDT"]
[Termination "artin10862 won on time"]

1. d4 Nf6 2. Bg5 c5 3. e3 b6 4.
Bxf6 gxf6 5. dxc5 bxc5 6. Qd5 Qa5+ 7. Nc3 Nc6 8. Bb5 e6 9. Qf3 Bb7 10. O-O-O f5 11. Qh5 Bg7 12. Nge2 a6 13. Ba4 d5 14. g4 fxg4 15. Rhg1 O-O-O 16. Qxf7 Bxc3 17. Qxe6+ Kb8 18. Nxc3 d4 19. Bxc6 dxc3 20. Qb3 cxb2+ 21. Kxb2 Qc7 22. Rxd8+ Rxd8 23. Qxb7+ Qxb7+ 24. Bxb7 Kxb7 25. Rxg4 Rd2 26. Rf4 Kc6 27. Kc3 Rd1 28. Rf6+ Kb5 29. h4 Rh1 30. Rf4 Ra1 31. a4+ Ka5 32. Kd3 Rd1+ 33. Ke2 Rg1 34. Rc4 Kb6 35. Kf3 Kc6 36. Rg4 Rc1 37. Rc4 Kd5 38. Rc3 Ra1 39. Rd3+ Ke5 40. e4 c4 41.
Rd5+ Ke6 42. a5 Ra2 43. Rc5 Rxc2 44. Rc6+ Ke5 45. Rc5+ Ke6 46. Ke3 Rc3+ 47. Kd4 Rh3 48. Rxc4 Rxh4 49. Rc6+ Kd7 50. Rxa6 Rh2 51. f4 h6 52. f5 h5 53. f6 h4 54. Ke5 h3 55. Ra7+ Kd8 56. Rh7 Ra2 57. Kd6 Kc8 58. Rh8+ Kb7 59. Rxh3 Rxa5 60. f7 Ra8 61. e5 Kb6 62. e6 Kb5 63. e7 1-0

[Event "Early-Titled-Tuesday-Blitz-April-23-2024"]
[Site "Chess.com"]
[Date "2024.04.23"]
[Round "2"]
[White "tomesao"]
[Black "Aradhya2000"]
[Result "0-1"]
[WhiteElo "2514"]
[BlackElo "2851"]
[TimeControl "180+1"]
[EndTime "8:18:46 PDT"]
[Termination "Aradhya2000 won by resignation"]

1. Nf3 d5 2. c4 d4 3. b4 c5 4. Bb2 Nf6 5. e3 dxe3 6. fxe3 cxb4 7. d4 e6 8. Bd3 Be7 9. O-O O-O 10. e4 Nc6 11. e5 Ne8 12. Qe2 g6 13. Nbd2 Ng7 14.
Ne4 Nf5 15. Qf2 h5 16. Rad1 Qb6 17. c5 Qa5 18. Bc1 b6 19. cxb6 Qxb6 20. Bb1 Ba6 21.
Rfe1 Rad8 22. Nf6+ Bxf6 23. exf6 Ncxd4 24. Nxd4 Rxd4 25.
Bxf5 Rxd1 26. Rxd1 exf5 27. Be3 Qxf6 28. Bd4 Qe6 29. Re1 Qc6 30. Qf4 Re8 31. Rxe8+ Qxe8 32. h3 Kh7 33. Bb2 Qe1+ 34. Kh2 h4 35. Be5 Qg3+ 36. Qxg3 hxg3+ 37. Kxg3 Bc4 38. Bd4 a5 39. Bb6 a4 40.
Bc5 b3 41. axb3 axb3 42. Bd4 g5 43. Kf2 Kg6 44. g3 f6 45. Kg2 Bd5+ 46. Kf2 f4 47. gxf4 gxf4 48. Bc3 f5 49. Be5 Kg5 50. Bc3 Kh4 51.
Kf1 Kg3 52. h4 Bc4+ 53. Kg1 f3 54. Be1+ Kh3 55. Bc3 Kxh4 56. Kf2 Kg4 57. Be5 Bd5 58. Bc3 Kf4 59. Bb2 Ke4 0-1

[Event "Early-Titled-Tuesday-Blitz-April-23-2024"]
[Site "Chess.com"]
[Date "2024.04.23"]
[Round "2"]
[White "RianKapriaga"]
[Black "Likvidator228"]
[Result "1-0"]
[WhiteElo "2302"]
[BlackElo "2518"]
[TimeControl "180+1"]
[EndTime "8:18:47 PDT"]
[Termination "RianKapriaga won by resignation"]

1. d4 d5 2. Nf3 e6 3. c4 c6 4. e3 Nf6 5. Nc3 Nbd7 6. b3 b6 7. Be2 Bb4 8. Bd2 Bb7 9. O-O O-O 10. Nxd5 Nxd5 11. cxd5 Bxd2 12. dxc6 Bxc6 13. Nxd2 e5 14.
Rc1 Rc8 15. Bf3 Bxf3 16. Qxf3 Rxc1 17. Rxc1 exd4 18. exd4 Nf6 19. Qd3 Qd5 20. h3 h6 21. Qc4 Qa5 22. Rc2 Rd8 23. b4 Qf5 24. Nf3 Nd5 25. a3 Nf4 26. Rd2 Nxh3+ 27. gxh3 Qxf3 28. Qd3 Qd5 29. Re2 g6 30. Re4 Rc8 31.
Qe3 Kg7 32. Kh2 Rc2 33. Rh4 h5 34. Rf4 Qd6 35. h4 a5 36. Kg3 axb4 37. axb4 Rc4 38. Qe5+ Qxe5 39. dxe5 Rc3+ 40. f3 Re3 41. Re4 Rxe4 42.
fxe4 Kf8 43. e6 fxe6 44. Kf4 b5 45. Kg5 Kg7 46. e5 Kf7 47. Kh6 Ke7 48. Kxg6 Kd7 49.
Kf6 Kc6 50. Kxe6 Kc7 51. Ke7 Kc6 52. e6 1-0

[Event "Early-Titled-Tuesday-Blitz-April-23-2024"]
[Site "Chess.com"]
[Date "2024.04.23"]
[Round "2"]
[White "Alenzer"]
[Black "alex1531"]
[Result "0-1"]
[WhiteElo "2221"]
[BlackElo "2504"]
[TimeControl "180+1"]
[EndTime "8:18:47 PDT"]
[Termination "alex1531 won by resignation"]

1. e4 c5 2. Nf3 e6 3. d4 cxd4 4. Nxd4 a6 5. Bd3 Nc6 6. Nxc6 dxc6 7. O-O e5 8. Be3 Be6 9. Nc3 b5 10. Kh1 Nf6 11. f4 exf4 12. Bxf4 Be7 13. Qe2 c5 14. e5 Nd5 15. Nxd5 Bxd5 16. Be4 Bxe4 17. Qxe4 O-O 18. Rad1 Qc8 19. Rd3 Qe6 20. Rh3 Qg6 21. Qf3 Qxc2 22. Be3 f6 23. e6 f5 24. Qh5 f4 25. Bc1 Qg6 26. Qxg6 hxg6 27. Rxf4 Rxf4 28. Bxf4 Rd8 29. g4 Rd1+ 30. Kg2 Rb1 31. Rb3 c4 32. Re3 Rxb2+ 33. Kg3 Rxa2 34. h4 Ra3 35. Kf3 Rxe3+ 36. Bxe3 Bxh4 37.
Bd2 Kf8 38. Ke4 Ke7 39. Kd5 Bf6 40. Bb4+ Ke8 41. Ba5 c3 42. Bb4 c2 43. Bd2 Bb2 44.
Kd6 c1=Q 45. Bxc1 Bxc1 46. Kc5 Ba3+ 47. Kd4 Ke7 48. Kc3 Bd6 49. Kb3 Kxe6 50. Kc3 Kf6 51. g5+ Kxg5 52. Kb3 Kg4 53. Ka2 Kf5 54. Kb3 g5 55. Kc3 g4 0-1

[Event "Early-Titled-Tuesday-Blitz-April-23-2024"]
[Site "Chess.com"]
[Date "2024.04.23"]
[Round "2"]
[White "Crazy_girl99"]
[Black "DonkyDonkyDonkey"]
[Result "0-1"]
[WhiteElo "2627"]
[BlackElo "2943"]
[TimeControl "180+1"]
[EndTime "8:18:49 PDT"]
[Termination "DonkyDonkyDonkey won by checkmate"]

1. Nf3 Nf6 2. g3 g6 3. Bg2 Bg7 4. O-O O-O 5. d4 d6 6. c4 c6 7.
Nc3 Bf5 8. Re1 Ne4 9. Qb3 Nxc3 10. bxc3 Bc8 11. e4 Nd7 12. Be3 Nf6 13. e5 dxe5 14.
Nxe5 Nd7 15. f4 Nxe5 16. fxe5 Qc7 17. Bf4 Qb6 18. Rab1 Qa5 19. Qb4 Qxb4 20. cxb4 Bf5 21.
Rbd1 Rac8 22. Rd2 Rfd8 23. a4 h6 24. h4 f6 25. exf6 Bxf6 26. Be5 Bxe5 27. Rxe5 e6 28. Kf2 h5 29. Ke3 Kf7 30. Ra5 a6 31. Re5 Kf6 32.
a5 Rd7 33. Be4 Rcd8 34. Bxf5 gxf5 35. Rd3 Rg7 36. Ke2 Rg4 37. Rde3 Rgxd4 38. Rxe6+ Kf7 39. Re7+ Kf8 40. Rxb7 Rd2+ 41. Kf3 Rd1 42. Kf4 Rf1+ 43. Kg5 f4 44. gxf4 Rg1+ 45. Kf5 Kg8 46. Re6 Rf8+ 47. Rf6 Rxf6+ 48. Kxf6 Rg4 49. f5 Rxc4 50. Rb8+ Kh7 51. Kf7 Rxh4 52. f6 Rf4 53. Rb7 h4 54. Ke7 Kg6 55. Rb6 Rxf6 56. Rxa6 h3 57. b5 h2 58. Rxc6 Rxc6 59. bxc6 h1=Q 60. Kd7 Qd5+ 61. Kc7 Qxa5+ 62. Kb7 Qb5+ 63. Kc7 Kf6 64. Kd6 Qd3+ 65. Kc7 Ke7 66. Kb6 Kd6 67. c7 Qb3+ 68. Ka7 Kxc7 69. Ka8 Qa4# 0-1